[ AOE2 MATCH · #505515618 ]
UnrankedMagyars vs Magyars
Player's team · WIN
Rival team · LOSS
[ REPLAY ANALYSIS · EXTRACTED FROM THE RECORDED GAME ]
Feudal
8:55
Castle
21:00
Imperial
—
| APM avg | 60.1 |
| APM peak | 90 |
| eAPM avg | 20.6 |
| Villagers / military | 75 / 62 |
Focus
⚔️ 35.2% · 🌾 64.8%
Spearman ×26 · Knight ×21 · Scout Cavalry ×10 · Monk ×5
Feudal
10:31
Castle
15:21
Imperial
—
| APM avg | 68.1 |
| APM peak | 117 |
| eAPM avg | 32.7 |
| Villagers / military | 42 / 48 |
Focus
⚔️ 25.5% · 🌾 74.5%
Magyar Huszar ×41 · Scorpion ×6 · Mangonel ×1
Match map
Initial resources + every placement click. Lines = walls · curves = elevation contours. ◆ gold · ⬟ stone · ● berries · ✦ relic · ◌ wall gap
Your base· Open — unwalled flank
Lehel_Kurt's base· Open — unwalled flank
Smoothed initial terrain · ◌ = detected wall gap · hover for details
Inputs per minute
— Soloarqueros - - Lehel_Kurt
Build order — Soloarqueros
First 150 of 249 actions detected
| 0:00 | Queue | Villager (Male) |
| 0:00 | Queue | Villager (Male) |
| 0:01 | Queue | Villager (Male) |
| 0:01 | Queue | Villager (Male) |
| 0:02 | Build | House |
| 0:03 | Build | House |
| 1:26 | Queue | Villager (Male) |
| 1:57 | Build | Lumber Camp |
| 2:02 | Queue | Villager (Male) |
| 2:19 | Queue | Villager (Male) |
| 2:49 | Queue | Villager (Male) |
| 3:11 | Queue | Villager (Male) |
| 3:25 | Build | House |
| 3:26 | Build | House |
| 3:36 | Queue | Villager (Male) |
| 3:56 | Queue | Villager (Male) |
| 4:23 | Build | Mill |
| 4:34 | Queue | Villager (Male) |
| 5:02 | Queue | Villager (Male) |
| 5:04 | Queue | Villager (Male) |
| 5:06 | Queue | Villager (Male) |
| 5:42 | Queue | Villager (Male) |
| 5:58 | Research | Loom |
| 6:11 | Build | House |
| 6:45 | Research | Feudal Age |
| 7:49 | Build | Barracks |
| 8:55 | Age | Feudal Age |
| 8:57 | Build | Stable |
| 8:59 | Queue | Villager (Male) |
| 8:59 | Queue | Villager (Male) |
| 9:01 | Research | Double-Bit Axe |
| 9:12 | Queue | Villager (Male) |
| 9:25 | Build | House |
| 9:31 | Build | Farm |
| 9:40 | Queue | Scout Cavalry |
| 9:40 | Queue | Scout Cavalry |
| 9:58 | Queue | Villager (Male) |
| 10:01 | Build | Farm |
| 10:14 | Queue | Villager (Male) |
| 10:15 | Queue | Scout Cavalry |
| 10:22 | Queue | Villager (Male) |
| 10:27 | Build | Mining Camp |
| 10:49 | Queue | Villager (Male) |
| 11:02 | Build | Watch Tower |
| 11:04 | Queue | Scout Cavalry |
| 11:07 | Build | Farm |
| 11:20 | Queue | Scout Cavalry |
| 11:24 | Build | Farm |
| 11:42 | Build | Farm |
| 11:54 | Queue | Scout Cavalry |
| 11:59 | Build | Farm |
| 12:01 | Queue | Villager (Male) |
| 12:13 | Build | House |
| 12:16 | Queue | Villager (Male) |
| 13:02 | Build | Watch Tower |
| 13:06 | Queue | Villager (Male) |
| 13:07 | Queue | Villager (Male) |
| 13:09 | Build | House |
| 13:11 | Build | Farm |
| 13:23 | Queue | Scout Cavalry |
| 13:34 | Queue | Villager (Male) |
| 13:46 | Build | Mining Camp |
| 13:58 | Build | House |
| 13:59 | Queue | Villager (Male) |
| 14:14 | Queue | Scout Cavalry |
| 14:22 | Queue | Villager (Male) |
| 14:29 | Build | Watch Tower |
| 14:33 | Build | House |
| 14:34 | Queue | Villager (Male) |
| 14:37 | Build | Farm |
| 14:57 | Queue | Villager (Male) |
| 14:58 | Build | Farm |
| 15:26 | Build | Watch Tower |
| 15:32 | Build | Farm |
| 15:32 | Queue | Villager (Male) |
| 15:35 | Build | Farm |
| 15:55 | Queue | Villager (Male) |
| 16:09 | Queue | Spearman |
| 16:11 | Build | Farm |
| 16:14 | Queue | Scout Cavalry |
| 16:48 | Build | Watch Tower |
| 16:51 | Queue | Villager (Male) |
| 17:21 | Queue | Villager (Male) |
| 17:26 | Build | Market |
| 17:39 | Queue | Scout Cavalry |
| 18:20 | Research | Castle Age |
| 18:23 | Queue | Villager (Male) |
| 18:34 | Build | Farm |
| 18:35 | Queue | Villager (Male) |
| 18:40 | Build | Stone Wall |
| 18:51 | Queue | Spearman |
| 19:09 | Queue | Spearman |
| 19:13 | Build | Stone Wall |
| 19:21 | Queue | Spearman |
| 19:36 | Build | House |
| 19:49 | Research | Town Watch |
| 19:54 | Research | Horse Collar |
| 20:19 | Build | House |
| 20:22 | Build | Stone Wall |
| 20:26 | Build | Stone Wall |
| 20:31 | Build | Farm |
| 20:35 | Build | Stone Wall |
| 20:41 | Build | Stone Wall |
| 20:44 | Build | Farm |
| 21:00 | Age | Castle Age |
| 21:05 | Research | Light Cavalry (upgrade) |
| 21:11 | Queue | Villager (Male) |
| 21:18 | Build | Town Center |
| 21:31 | Research | Pikeman (upgrade) |
| 21:47 | Queue | Villager (Male) |
| 21:49 | Queue | Spearman |
| 21:57 | Queue | Villager (Male) |
| 22:06 | Build | Monastery |
| 22:07 | Queue | Villager (Male) |
| 22:09 | Build | Farm |
| 22:18 | Queue | Villager (Male) |
| 22:26 | Queue | Villager (Male) |
| 22:31 | Queue | Villager (Male) |
| 22:47 | Queue | Villager (Male) |
| 22:49 | Build | Farm |
| 22:53 | Queue | Monk |
| 22:55 | Build | House |
| 22:56 | Queue | Villager (Male) |
| 22:57 | Queue | Spearman |
| 23:12 | Build | Stable |
| 23:15 | Build | House |
| 23:16 | Queue | Villager (Male) |
| 23:23 | Queue | Spearman |
| 23:32 | Build | House |
| 23:39 | Queue | Villager (Male) |
| 24:01 | Build | Town Center |
| 24:03 | Queue | Spearman |
| 24:07 | Queue | Villager (Male) |
| 24:19 | Queue | Spearman |
| 24:23 | Queue | Villager (Male) |
| 24:26 | Build | Farm |
| 24:30 | Build | House |
| 24:38 | Queue | Villager (Male) |
| 24:50 | Build | Farm |
| 24:51 | Build | Farm |
| 25:04 | Build | Farm |
| 25:05 | Build | Farm |
| 25:06 | Queue | Villager (Male) |
| 25:07 | Queue | Villager (Male) |
| 25:11 | Queue | Spearman |
| 25:11 | Queue | Spearman |
| 25:16 | Build | Gate |
| 25:19 | Queue | Spearman |
| 25:19 | Queue | Spearman |
| 25:22 | Queue | Spearman |
Build order — Lehel_Kurt
First 150 of 159 actions detected
| 0:01 | Queue | Villager (Male) |
| 0:01 | Queue | Villager (Male) |
| 0:01 | Queue | Villager (Male) |
| 0:02 | Build | House |
| 0:04 | Build | House |
| 0:45 | Queue | Villager (Male) |
| 1:28 | Queue | Villager (Male) |
| 2:03 | Queue | Villager (Male) |
| 2:20 | Queue | Villager (Male) |
| 2:21 | Queue | Villager (Male) |
| 2:34 | Build | Lumber Camp |
| 2:51 | Queue | Villager (Male) |
| 2:52 | Queue | Villager (Male) |
| 2:52 | Queue | Villager (Male) |
| 3:16 | Build | House |
| 3:46 | Queue | Villager (Male) |
| 3:46 | Queue | Villager (Male) |
| 4:26 | Queue | Villager (Male) |
| 4:26 | Queue | Villager (Male) |
| 4:39 | Build | Mill |
| 4:49 | Queue | Villager (Male) |
| 5:22 | Queue | Villager (Male) |
| 5:27 | Build | House |
| 5:30 | Build | Palisade Wall |
| 5:40 | Build | Palisade Wall |
| 5:46 | Queue | Villager (Male) |
| 6:10 | Queue | Villager (Male) |
| 6:12 | Build | Palisade Wall |
| 6:13 | Build | Palisade Wall |
| 6:25 | Queue | Villager (Male) |
| 6:25 | Queue | Villager (Male) |
| 6:26 | Queue | Villager (Male) |
| 6:53 | Build | Mining Camp |
| 7:04 | Research | Loom |
| 8:01 | Research | Feudal Age |
| 8:23 | Build | Palisade Wall |
| 8:28 | Build | Palisade Wall |
| 8:29 | Build | Palisade Wall |
| 8:35 | Build | Palisade Wall |
| 9:24 | Build | Palisade Wall |
| 9:24 | Build | Palisade Wall |
| 9:25 | Build | Palisade Wall |
| 9:25 | Build | Palisade Wall |
| 9:27 | Build | Palisade Wall |
| 9:28 | Build | Palisade Wall |
| 9:42 | Build | Palisade Wall |
| 9:56 | Build | Palisade Wall |
| 9:57 | Build | Palisade Wall |
| 9:57 | Build | Palisade Wall |
| 9:58 | Build | Palisade Wall |
| 10:01 | Build | Palisade Wall |
| 10:02 | Build | Palisade Wall |
| 10:31 | Age | Feudal Age |
| 10:39 | Build | Blacksmith |
| 10:48 | Queue | Villager (Male) |
| 10:48 | Queue | Villager (Male) |
| 11:42 | Build | Market |
| 12:41 | Research | Castle Age |
| 13:49 | Build | Mining Camp |
| 14:00 | Build | Palisade Wall |
| 14:32 | Build | Farm |
| 14:38 | Build | Watch Tower |
| 15:10 | Build | Palisade Wall |
| 15:21 | Build | Palisade Wall |
| 15:21 | Age | Castle Age |
| 15:33 | Queue | Villager (Male) |
| 15:37 | Build | Farm |
| 16:50 | Build | Farm |
| 17:36 | Build | Castle |
| 17:53 | Build | House |
| 17:56 | Build | House |
| 18:05 | Queue | Villager (Male) |
| 19:24 | Queue | Villager (Male) |
| 19:31 | Queue | Magyar Huszar |
| 19:56 | Queue | Magyar Huszar |
| 20:03 | Build | Farm |
| 20:06 | Build | Farm |
| 20:10 | Build | Farm |
| 20:31 | Queue | Magyar Huszar |
| 20:53 | Build | Farm |
| 21:12 | Queue | Magyar Huszar |
| 21:34 | Build | Farm |
| 21:36 | Queue | Magyar Huszar |
| 21:48 | Build | Farm |
| 21:54 | Queue | Magyar Huszar |
| 22:12 | Queue | Magyar Huszar |
| 22:21 | Build | Farm |
| 22:31 | Queue | Magyar Huszar |
| 22:43 | Queue | Magyar Huszar |
| 23:05 | Queue | Magyar Huszar |
| 23:12 | Queue | Magyar Huszar |
| 23:40 | Queue | Magyar Huszar |
| 23:44 | Queue | Magyar Huszar |
| 24:00 | Queue | Magyar Huszar |
| 24:03 | Queue | Magyar Huszar |
| 24:11 | Queue | Villager (Male) |
| 24:33 | Build | Siege Workshop |
| 24:36 | Queue | Magyar Huszar |
| 24:42 | Build | House |
| 24:43 | Build | House |
| 24:46 | Queue | Villager (Male) |
| 25:04 | Research | Scale Barding Armor |
| 25:04 | Research | Scale Barding Armor |
| 25:06 | Queue | Magyar Huszar |
| 25:07 | Queue | Villager (Male) |
| 25:39 | Queue | Magyar Huszar |
| 25:52 | Queue | Magyar Huszar |
| 25:53 | Queue | Villager (Male) |
| 26:06 | Queue | Magyar Huszar |
| 26:11 | Queue | Magyar Huszar |
| 26:12 | Queue | Villager (Male) |
| 26:33 | Queue | Magyar Huszar |
| 26:34 | Queue | Scorpion |
| 26:35 | Queue | Villager (Male) |
| 26:37 | Build | House |
| 26:53 | Queue | Magyar Huszar |
| 26:56 | Queue | Villager (Male) |
| 27:26 | Queue | Villager (Male) |
| 27:28 | Build | House |
| 27:29 | Queue | Magyar Huszar |
| 27:42 | Queue | Magyar Huszar |
| 27:56 | Queue | Villager (Male) |
| 28:16 | Build | Outpost |
| 28:19 | Queue | Magyar Huszar |
| 28:48 | Queue | Magyar Huszar |
| 28:53 | Queue | Scorpion |
| 29:12 | Queue | Villager (Male) |
| 29:12 | Queue | Magyar Huszar |
| 29:13 | Queue | Magyar Huszar |
| 29:25 | Queue | Magyar Huszar |
| 29:27 | Queue | Scorpion |
| 29:33 | Queue | Villager (Male) |
| 29:42 | Build | House |
| 30:06 | Queue | Magyar Huszar |
| 30:08 | Queue | Scorpion |
| 30:15 | Queue | Villager (Male) |
| 30:56 | Queue | Magyar Huszar |
| 31:10 | Queue | Mangonel |
| 31:11 | Queue | Villager (Male) |
| 31:11 | Queue | Magyar Huszar |
| 31:14 | Build | Mining Camp |
| 31:16 | Queue | Magyar Huszar |
| 31:29 | Queue | Scorpion |
| 32:38 | Queue | Magyar Huszar |
| 32:42 | Queue | Magyar Huszar |
| 32:43 | Queue | Villager (Male) |
| 32:56 | Queue | Magyar Huszar |
| 32:57 | Queue | Villager (Male) |
| 33:04 | Build | Farm |
| 33:05 | Build | Farm |
Match timeline
| 5:30 | Lehel_Kurt · wall_segment Palisade Wall x6 |
| 5:40 | Lehel_Kurt · wall_segment Palisade Wall x6 |
| 6:12 | Lehel_Kurt · wall_segment Palisade Wall x1 |
| 6:13 | Lehel_Kurt · wall_segment Palisade Wall x1 |
| 7:49 | Soloarqueros · first_building Barracks |
| 8:23 | Lehel_Kurt · wall_segment Palisade Wall x4 |
| 8:28 | Lehel_Kurt · wall_segment Palisade Wall x1 |
| 8:29 | Lehel_Kurt · wall_segment Palisade Wall x1 |
| 8:35 | Lehel_Kurt · wall_segment Palisade Wall x1 |
| 8:55 | Soloarqueros · age_up feudal |
| 8:57 | Soloarqueros · first_building Stable |
| 9:24 | Lehel_Kurt · wall_segment Palisade Wall x1 |
| 9:24 | Lehel_Kurt · wall_segment Palisade Wall x1 |
| 9:25 | Lehel_Kurt · wall_segment Palisade Wall x1 |
| 9:25 | Lehel_Kurt · wall_segment Palisade Wall x1 |
| 9:27 | Lehel_Kurt · wall_segment Palisade Wall x1 |
| 9:28 | Lehel_Kurt · wall_segment Palisade Wall x1 |
| 9:42 | Lehel_Kurt · wall_segment Palisade Wall x1 |
| 9:56 | Lehel_Kurt · wall_segment Palisade Wall x1 |
| 9:57 | Lehel_Kurt · wall_segment Palisade Wall x1 |
| 9:57 | Lehel_Kurt · wall_segment Palisade Wall x1 |
| 9:58 | Lehel_Kurt · wall_segment Palisade Wall x1 |
| 10:01 | Lehel_Kurt · wall_segment Palisade Wall x1 |
| 10:02 | Lehel_Kurt · wall_segment Palisade Wall x1 |
| 10:31 | Lehel_Kurt · age_up feudal |
| 12:40 | Lehel_Kurt · first_market_sell 100 food |
| 14:00 | Lehel_Kurt · wall_segment Palisade Wall x1 |
| 15:10 | Lehel_Kurt · wall_segment Palisade Wall x2 |
| 15:21 | Lehel_Kurt · wall_segment Palisade Wall x1 |
| 15:21 | Lehel_Kurt · age_up castle |
| 16:14 | Lehel_Kurt · first_market_buy 100 stone |
| 17:36 | Lehel_Kurt · first_building Castle |
| 18:17 | Soloarqueros · first_market_buy 100 food |
| 18:40 | Soloarqueros · wall_segment Stone Wall x14 |
| 19:13 | Soloarqueros · wall_segment Stone Wall x7 |
| 20:22 | Soloarqueros · wall_segment Stone Wall x1 |
| 20:26 | Soloarqueros · wall_segment Stone Wall x1 |
| 20:35 | Soloarqueros · wall_segment Stone Wall x1 |
| 20:41 | Soloarqueros · wall_segment Stone Wall x1 |
| 21:00 | Soloarqueros · age_up castle |
| 22:06 | Soloarqueros · first_building Monastery |
| 24:33 | Lehel_Kurt · first_building Siege Workshop |
| 25:56 | Soloarqueros · wall_segment Palisade Wall x1 |
| 27:13 | Soloarqueros · wall_segment Stone Wall x1 |
| 28:02 | Soloarqueros · wall_segment Stone Wall x1 |
| 31:30 | Soloarqueros · first_building Castle |
| 34:41 | Lehel_Kurt · first_building Monastery |
| 34:52 | Lehel_Kurt · resign |
[ AI ANALYSIS · 1 CREDIT ]
What really happened in this match?
Wolo.gg analyzes every decision: build order, eco, micro, common mistakes by bracket. Personalized analysis on WhatsApp or Discord in 30 seconds.
Civ guide
Magyars
Perfil
Jugador #22611492